 Dungeon Crawl Stone Soup version 0.14-a0-1097-gc7db7fc (webtiles) character file.

471 4tharraofdagon the Chopper (level 6, -3/55 HPs)
             Began as a Lava Orc Fighter on Nov 28, 2013.
             Was an Initiate of Makhleb.
             Slain by a worm (6 damage)
             ... on Level 7 of the Dungeon.
             The game lasted 00:03:44 (621 turns).

4tharraofdagon the Chopper (Lava Orc Fighter)        Turns: 621, Time: 00:03:45

HP  -3/55        AC 12     Str 21      XL: 6   Next: 51%
MP   5/5         EV  6     Int  8      God: Makhleb [......]
Gold 79          SH 19     Dex 10      Spells:  0 memorised,  5 levels left

rFire  + + +     SeeInvis .     a - +0 orc hand axe
rCold  x . .     Clarity  .     b - +0 orc scale mail
rNeg   . . .     Conserve .     c - +0 orc shield
rPois  .         rCorr    .     e - +0 plumed helmet
rElec  .         rRot     .     (no cloak)
SustAb . .       Spirit   .     l - +2 pair of gloves
rMut   .         Warding  .     (no boots)
Gourm  +         Stasis   .     f - amulet of the gourmand
                                (no ring)
                                (no ring)

@: slightly resistant to hostile enchantments, extremely unstealthy
A: conserve scrolls, saprovore 1
a: Renounce Religion


You were on level 7 of the Dungeon.
You worshipped Makhleb.
Makhleb was noncommittal.
You were not hungry.

You visited 2 branches of the dungeon, and saw 8 of its levels.

You collected 79 gold pieces.

Inventory:

Hand weapons
 a - a +0,+0 orcish hand axe (weapon)
 i - a +2 blowgun
Missiles
 j - 4 poisoned needles
Armour
 b - a +0 orcish scale mail (worn)
 c - a +0 orcish shield (worn)
 e - a +0 plumed helmet (worn)
 l - a +2 pair of gloves (worn)
Magical devices
 g - a wand of confusion (9)
Comestibles
 d - 2 meat rations
Scrolls
 h - a scroll of enchant weapon II {unknown}
 k - a scroll of curse jewellery {unknown}
Jewellery
 f - an amulet of the gourmand (around neck)
Potions
 m - 2 potions of curing {unknown}
 n - a potion of might {unknown}


   Skills:
 + Level 5.5 Fighting
 * Level 6.3 Axes
 + Level 4.7 Armour
 - Level 3.2 Shields


You had 5 spell levels left.
You didn't know any spells.

Dungeon Overview and Level Annotations

Branches:
Dungeon (7/16)             Temple (1/1) D:6

Altars:
Ashenzari
Elyvilon
Makhleb
Nemelex Xobeh
Okawaru
Sif Muna
Trog
Vehumet
Xom
Yredelemnul

Annotations:
D:7 4tharraofdagon's ghost, average CeWr


Innate Abilities, Weirdness & Mutations

You have stony skin.
Your flesh is almost immune to the effects of heat.
Your fire spells are more powerful.
Your flesh is vulnerable to cold.
Your heat harms attackers.
You bathe your surroundings in blazing heat.
You are too hot to use scrolls.
You are very good at protecting items from fire.
You can tolerate rotten meat.


Message History

Unknown command.
You hit 4tharraofdagon's ghost but do no damage. 4tharraofdagon's ghost is almost destroyed.
You hit the worm.
The worm is lightly wounded.
You hit the hippogriff skeleton.
The hippogriff skeleton is burned by your radiant heat.
The hippogriff skeleton bites you but does no damage.
The hippogriff skeleton appears unharmed.
The hippogriff skeleton pecks you but does no damage.
The hippogriff skeleton is singed by your heat.
The hippogriff skeleton claws you but does no damage.
The hippogriff skeleton is singed by your heat. 4tharraofdagon's ghost hits you but does no damage. 4tharraofdagon's ghost is singed by your heat. 4tharraofdagon's ghost is almost destroyed.
The worm is blasted by your radiant heat.
The worm is severely wounded.
The worm bites you.
You die...

##.#.# ## ... ##..
#........ .. .........
. ..[....... .
..(...?... #.##
#.........
##..##.........≈
#..............≈≈
#.....@p.........
##....Z.w..........
#...................
##...?...............
###.............#....
##.##.................#
#..............w....#.#
##....%................
#......................


You could see a worm, 4tharraofdagon's ghost and a hippogriff skeleton.

Vanquished Creatures
  An ice beast (D:7)
  A sky beast (D:6)
  An ogre (D:6)
  A worker ant (D:7)
  Jessica (D:2)
  4 gnolls
  An adder (D:2)
  A worm (D:7)
  3 hobgoblins
  4 jackals (D:2)
  2 bats
  2 giant newts
  A goblin (D:6)
  A kobold (D:4)
  A kobold skeleton (D:4)
  A quokka skeleton (D:6)
  A rat (D:6)
27 creatures vanquished.

Vanquished Creatures (others)
  A rat (D:3)
1 creature vanquished.

Grand Total: 28 creatures vanquished

Notes
Turn   | Place    | Note
--------------------------------------------------------------
     0 | D:1      | 4tharraofdagon, the Lava Orc Fighter, began the quest for the Orb.
     0 | D:1      | Reached XP level 1. HP: 19/19 MP: 0/0
    39 | D:2      | Noticed Jessica
    92 | D:2      | Killed Jessica
    92 | D:2      | Reached XP level 2. HP: 9/26 MP: 1/1
   145 | D:2      | Reached skill level 4 in Fighting
   146 | D:2      | Reached XP level 3. HP: 12/33 MP: 2/2
   257 | D:5      | Entered Level 5 of the Dungeon
   257 | D:5      | Found an iron altar of Okawaru.
   257 | D:5      | Found a sparkling altar of Nemelex Xobeh.
   260 | D:5      | Found a bloodstained altar of Trog.
   286 | D:5      | Reached XP level 4. HP: 12/40 MP: 3/3
   388 | D:6      | Noticed a sky beast
   397 | D:6      | Killed a sky beast
   397 | D:6      | Reached skill level 5 in Axes
   397 | D:6      | Reached XP level 5. HP: 23/46 MP: 4/4
   455 | D:7      | Noticed a hill giant zombie
   484 | D:6      | Noticed an ogre
   485 | D:6      | Found a staircase to the Ecumenical Temple.
   505 | D:6      | Killed an ogre
   505 | D:6      | Reached skill level 5 in Fighting
   513 | Temple   | Entered the Ecumenical Temple
   525 | Temple   | Became a worshipper of Makhleb the Destroyer
   600 | D:7      | Noticed 4tharraofdagon's ghost (average CeWr)
   601 | D:7      | Noticed an ice beast
   616 | D:7      | Reached XP level 6. HP: 24/53 MP: 5/5
   617 | D:7      | Killed an ice beast
   617 | D:7      | Reached skill level 6 in Axes
   621 | D:7      | Slain by a worm

Action                   |  1- 3 |  4- 6 || total
-------------------------+-------+-------++-------
Melee: Hand axe          |    39 |    23 ||    62
  Use: Potion            |       |     1 ||     1
